 Dungeon Crawl Stone Soup version 0.31.0-11-ge490571c62 (webtiles) character file.

Game seed: 14653122795254689980

8 browni3141 the Trooper (level 2, 24/24 HPs)
             Began as a Demonspawn Cinder Acolyte on Jan 31, 2024.
             Was a High Priest of Ignis.
             Got out of the dungeon alive.
             The game lasted 00:00:10 (445 turns).

browni3141 the Trooper (Demonspawn Cinder Acolyte)   Turns: 445, Time: 00:00:10

Health: 24/24      AC:  2    Str: 14    XL:     2   Next: 0%
Magic:  3/3        EV: 11    Int: 14    God:    Ignis [*****.]
Gold:   29         SH:  0    Dex:  8    Spells: 3/3 levels left

rFire   + . .        a - -1 mace (flame)
rCold   . . .        (no shield)
rNeg    . . .        b - +0 robe
rPois   .            (no helmet)
rElec   .            (no cloak)
rCorr   .            (no gloves)
SInv    .            (no boots)
Will    .....        (no amulet)
Stlth   +            (no ring)
HPRegen 0.24/turn    (no ring)
MPRegen 0.08/turn

%: no passive effects
@: no status effects
A: sturdy frame 1
a: Renounce Religion, Fiery Armour, Foxfire Swarm, Rising Flame


You escaped.
You worshipped Ignis.
Ignis was extremely pleased with you.
You visited 1 branch of the dungeon, and saw 1 of its levels.

You collected 29 gold pieces.

Inventory:

Hand Weapons
 a - a -1 mace of flaming (weapon)
Armour
 b - a +0 robe (worn)
Scrolls
 e - a scroll of enchant armour {unknown}
 g - a scroll of enchant weapon {unknown}
Potions
 c - 2 potions of attraction {unknown}
 d - 3 potions of brilliance {unknown}
 f - a potion of lignification {unknown}


   Skills:
 + Level 3.1 Fighting
 + Level 2.8 Maces & Flails
 + Level 1.2 Spellcasting
 + Level 2.8 Fire Magic


You had 3 spell levels left.
You didn't know any spells.
Your spell library contained the following spells:

 Spells                   Type           Power      Damage    Failure   Level
 Scorch                   Fire           16%        2d5       12%         2


Dungeon Overview and Level Annotations

Branches:
Dungeon (1/15)

Altars:


Innate Abilities, Weirdness & Mutations

Your movements are slightly less encumbered by armour. (ER -2)


Message History

You miss the bat. The bat hits you but does no damage.
A bat is nearby!
You hit the bat. You burn the bat.
You kill the bat!
Found a stone staircase leading down.
No target in view!
A bat comes into view.
The bat closely misses you.
A bat is nearby!
An endoplasm comes into view.
The endoplasm quivers.
The bat completely misses you.
There are monsters nearby!
Found a stone staircase leading down.
The bat barely misses you. x2
There are monsters nearby!
You closely miss the bat. The bat closely misses you.
There are monsters nearby!
There are monsters nearby!
You closely miss the bat. The bat closely misses you. The endoplasm hits you.
The endoplasm barely misses you.
You closely miss the bat. The bat completely misses you.
The endoplasm freezes you.
You are frozen.
There are monsters nearby!
You hit the endoplasm. You burn the endoplasm.
The endoplasm is heavily wounded.
The bat barely misses you. The bat hits you but does no damage.
The endoplasm hits you.
There are monsters nearby!
You hit the endoplasm but do no damage.
The endoplasm is moderately wounded.
The bat hits you. The endoplasm hits you. The bat hits you but does no damage.
There are monsters nearby!
You hit the endoplasm but do no damage.
The endoplasm is moderately wounded.
The bat hits you but does no damage. x2; The endoplasm closely misses you.
The bat hits you. The endoplasm hits you.
There are monsters nearby!
You hit the endoplasm. You burn the endoplasm.
The endoplasm is almost dead.
The bat hits you but does no damage. The bat barely misses you.
The endoplasm closely misses you.
There are monsters nearby!
You hit the endoplasm. You burn the endoplasm.
You kill the endoplasm!
The bat hits you. The bat barely misses you.
A bat is nearby!
You completely miss the bat. The bat misses you.
A bat is nearby!
You hit the bat but do no damage. The bat hits you.
A bat is nearby!
You hit the bat. You burn the bat.
The bat is heavily wounded.
The bat misses you.
You closely miss the bat.
The bat is moderately wounded.
The bat hits you.
A bat is nearby!
You closely miss the bat. The bat closely misses you.
The bat hits you but does no damage. The bat hits you but does no damage.
The bat hits you.
You closely miss the bat. The bat hits you but does no damage. x2
You miss the bat. The bat completely misses you. The bat barely misses you.
The bat hits you. The bat closely misses you. The bat completely misses you.
You barely miss the bat. The bat hits you. x2
The bat completely misses you.
You barely miss the bat. The bat hits you. The bat barely misses you.
You miss the bat. The bat hits you but does no damage.
The bat barely misses you. The bat hits you but does no damage.
You hit the bat. You burn the bat.
You kill the bat!
No target in view!
No target in view!
You now have 29 gold pieces (gained 8).
d - 3 glowing inky potions (gained 1)
You see here 5 stones.
You open the door.
There is an open door here.
As you open the door, it creaks loudly!
You hear a shout!
There is an open door here.
A hobgoblin comes into view.
You completely miss the hobgoblin. The hobgoblin misses you.
The hobgoblin hits you but does no damage.
A hobgoblin is nearby!
You barely miss the hobgoblin. The hobgoblin hits you.
A hobgoblin is nearby!
You closely miss the hobgoblin. The hobgoblin hits you.
A hobgoblin is nearby!
You hit the hobgoblin. You burn the hobgoblin.
You kill the hobgoblin!
You have reached level 2!
Your demonic ancestry asserts itself...
You feel less encumbered by your armour.
There is an open door here.
There is a staircase leading out of the dungeon here.
You have escaped!

.........?..####..########.## ##
#.# .........# #..####.
####.#'###########'# ##...##.
....##.#.#♣♣♣♣♣#.#.# ###.#..
....##.....).......# #...#
.....#..♣..♣.♣..♣.^# #######....
....##≈#♣♣..~..♣♣#~# #..........
....##≈#P♣.~≈≈.♣P#≈# #..........
....##≈#>..~8~..@#≈# #.....(...#
....##≈#P♣.~~~.♣P#≈#######.######
#.##.#~#♣♣..~..♣♣#≈#)####..# #.
#.##.#..♣..♣.♣..♣..#......## #.
#..#.#.............#....### #[
##.#.#.#.#♣♣♣♣♣#.#.##....# #.
....(#'###########+#..##.### #.
##.....# #..........###...## #.
##...### #..........# #.#..## #(


There were no monsters in sight!

Vanquished Creatures
  An endoplasm (D:1)
  A giant cockroach (D:1)
  A goblin (D:1)
  A hobgoblin (D:1)
  2 bats (D:1)
  A rat (D:1)
7 creatures vanquished.

Notes
Turn   | Place    | Note
-------+----------+-------------------------------------------
     0 | D:1      | browni3141 the Demonspawn Cinder Acolyte began the quest
                  | for the Orb.
     0 | D:1      | Reached XP level 1. HP: 18/18 MP: 2/2
   432 | D:1      | Gained mutation: Your movements are slightly less
                  | encumbered by armour. (ER -2) [demonic ancestry]
   432 | D:1      | Reached XP level 2. HP: 21/24 MP: 3/3
   445 | D:$      | Got out of the dungeon alive.

Illustrated notes

Levels and vault maps discovered:
D:1:      tarquinn_simple_flora_water_b, layout_rooms,
          dreamdust_ecumenical_altar_hidden_monk_grotto

Action                     || total
---------------------------++-------
  Melee: Mace              ||    40
         Punch             ||     1
 Armour: Robe              ||    39
  Dodge: Dodged            ||    40
